AoeStats
← Tingus Pingus

Arena

509765533Analyzed
1v1 RM · 3d ago on Sep 27, 2026· 43m 35s· 2 players
Game mode
Random Map
Map size
Tiny (2 player)
Population
200
Speed
Normal
Resources
Standard
Victory
Conquest
Starting age
Dark Age
Ending age
Imperial Age
RankedLock teamsTeams togetherTeam positionsShared explorationLock speedFull tech treeHidden civsTurbo modeCheats
Victory
Defeat
🇨🇱 Turks · Chile
1170
+14
🇨🇦 Hindustanis · Canada
1123
-14
Tingus Pingus
10:47 Feudal Age
14:26 Castle Age
13:51 Double-Bit Axe
13:47 Horse Collar
15:47 Bow Saw
15:38 Heavy Plow
20:05 Loom
22:03 Scale Barding Armor
22:01 Gold Mining
22:09 Stone Mining
23:09 Forging
22:44 Elite Skirmisher
23:54 Bloodlines
25:11 Gold Shaft Mining
24:53 Husbandry
24:39 Light Cavalry
30:29 Imperial Age
29:06 Stone Shaft Mining
30:17 Wheelbarrow
30:21 Iron Casting
30:29 Grand Trunk Road
31:20 Chain Barding Armor
30:30 Heavy Camel Rider
32:13 Conscription
32:41 Hand Cart
32:12 Town Watch
32:51 Masonry
32:07 Hussar
33:22 Murder Holes
34:42 Fletching
35:08 Squires
34:44 Pikeman
36:06 Imperial Camel Rider
37:56 Siege Engineers
40:01 Blast Furnace
41:36 Chemistry
44:02 Ballistics
Sir Labrop
9:55 Feudal Age
10:30 Double-Bit Axe
12:32 Horse Collar
17:48 Castle Age
20:18 Loom
21:08 Wheelbarrow
20:37 Heavy Plow
20:49 Bow Saw
28:39 Imperial Age
26:44 Squires
28:19 Hand Cart
28:17 Scale Barding Armor
28:45 Forging
28:39 Gold Mining
28:40 Stone Mining
29:14 Bloodlines
30:41 Fletching
30:58 Husbandry
33:19 Heavy Camel Rider
35:08 Bodkin Arrow
36:54 Bombard Tower
37:15 Conscription
37:55 Ballistics
38:42 Chain Barding Armor
41:44 Bracer
Connection lost

Rejoining the realm…

Still unreachable

The connection could not be restored.

Session expired

The server has moved on; the page needs a fresh start.